 Dungeon Crawl Stone Soup version 0.26.1-11-gd32895ea62 (webtiles) character file.

Game seed: 5618106551872163875

312 Arcadio the Sneak (level 6, -2/39 HPs)
             Began as an Octopode Brigand on May 22, 2021.
             Was an Initiate of Dithmenos.
             Killed by divine providence
             ... invoked by an orc priest
              (14 damage)
             ... on level 4 of the Dungeon.
             The game lasted 00:03:52 (3081 turns).

Arcadio the Sneak (Octopode Brigand)                Turns: 3081, Time: 00:03:52

Health: -2/39      AC:  1    Str: 11    XL:     6   Next: 42%
Magic:  6/6        EV: 15    Int: 13    God:    Dithmenos [......]
Gold:   124        SH:  0    Dex: 15    Spells: 5/5 levels left

rFire    . . .     SeeInvis .   d - +1 dagger (elec)
rCold    . . .     Faith    .   (no shield)
rNeg     . . .     Spirit   .   (helmet restricted)
rPois    .         Reflect  .   (no amulet)
rElec    .         Harm     .   (no ring)
rCorr    .         Rampage  .   (no ring)
Will     .....                  (no ring)
Stlth    +++++.....             (no ring)
HPRegen  0.13/turn              (no ring)
MPRegen  0.10/turn              (no ring)
                                (no ring)
                                (no ring)

@: no status effects
A: almost no armour, stealthy swim, amphibious, 8 rings, constrict 8, camouflage
1, gelatinous body 1
a: Renounce Religion


You were on level 4 of the Dungeon.
You worshipped Dithmenos.
Dithmenos was noncommittal.
You visited 1 branch of the dungeon, and saw 4 of its levels.

You collected 124 gold pieces.

Inventory:

Hand Weapons
 a - a +2 dagger
 d - a +1 dagger of electrocution (weapon)
Missiles
 b - 17 poisoned darts (quivered)
 c - 2 curare-tipped darts
Armour
 p - a +0 buckler
Jewellery
 j - an uncursed amulet of the acrobat {unknown}
 m - an uncursed amulet of reflection {unknown}
 r - an uncursed amulet of magic regeneration
Scrolls
 f - a scroll of immolation {unknown}
 h - 3 scrolls of amnesia {unknown}
 i - 4 scrolls of teleportation
 o - a scroll of identify {unknown}
Potions
 e - a potion of curing {unknown}
 g - 2 potions of ambrosia {unknown}
 k - a potion of heal wounds {unknown}
 l - a potion of flight {unknown}
 n - a potion of lignification {unknown}
 q - a potion of degeneration {unknown}
 s - a potion of mutation {unknown}


   Skills:
 - Level 2.0 Fighting
 + Level 4.0 Short Blades
 - Level 2.0 Throwing
 + Level 3.6 Dodging
 + Level 7.5 Stealth


You had 5 spell levels left.
You didn't know any spells.
Your spell library was empty.

Dungeon Overview and Level Annotations

Branches:
Dungeon (4/15)
 Temple: D:4-7

Altars:
Dithmenos
Kikubaaqudgha
Sif Muna
Vehumet

Annotations:
D:2 Crazy Yiuf
D:3 Grinder


Innate Abilities, Weirdness & Mutations

You cannot wear most types of armour.
You are very stealthy in the water. (Stealth+)
You are amphibious.
You can wear up to eight rings at the same time.
You can use your tentacles to constrict eight enemies at once.
Your skin changes colour to match your surroundings (Stealth+).
Your rubbery body absorbs attacks. (AC +1, EV +1)


Message History

The orc closely misses you.
The gnoll shouts!
You hit the orc. Lightning courses through the orc!
You kill the orc!
Dithmenos accepts your kill.
An orc comes into view.
The gnoll closely misses you.
Things that are here:
a +0 dagger; a +0 scale mail You hit the gnoll.
Your grab misses the gnoll. You squeeze the gnoll.
The gnoll is moderately wounded.
The gnoll hits you with a +0 halberd.
The gnoll hits you from afar with a +0 halberd!
Things that are here:
a gnoll corpse; a gnoll corpse You hit the orc.
Your grab misses the orc.
The orc is moderately wounded.
The orc priest mumbles some strange prayers to Beogh against you.
Beogh smites you!
You die...

.g.......#.....#...#
.....#......#.....
#.......## ...
#........##.##
#..#.....#...# #
#..og.†.#......
#..#)...# ...##
#..#o#.........
#..#@##........
####.##........
#.#.........
#.....##... #.....#
##. ..... ......
....... .........


You could see an orc priest, a gnoll and an orc.

Vanquished Creatures
  A scorpion (D:3)
  2 vampire bats (D:3)
  A hound (D:4)
  An iguana (D:3)
  3 gnolls (D:4)
  2 adders (D:2)
  An ooze (D:2)
  A worm (D:2)
  A dart slug (D:3)
  An orc (D:4)
  7 bats
  3 bat skeletons (D:3)
  3 bat zombies (D:3)
  3 giant cockroaches
  12 goblins
  3 hobgoblins (D:1)
  5 jackals (D:3)
  11 kobolds
  2 frilled lizards
  11 rats
  A bush (D:2)
75 creatures vanquished.

Notes
Turn   | Place    | Note
-------+----------+-------------------------------------------
     0 | D:1      | Arcadio the Octopode Brigand began the quest for the Orb.
     0 | D:1      | Reached XP level 1. HP: 14/14 MP: 1/1
   149 | D:1      | Reached XP level 2. HP: 18/19 MP: 2/2
   231 | D:1      | Reached XP level 3. HP: 10/24 MP: 3/3
   642 | D:1      | You fall into a shaft and drop 1 floor!
   876 | D:2      | Reached skill level 6 in Stealth
  1218 | D:2      | Found a radiant altar of Vehumet.
  1223 | D:2      | Reached XP level 4. HP: 29/29 MP: 4/4
  1532 | D:2      | Found a shimmering blue altar of Sif Muna.
  1696 | D:2      | Found a runed translucent door.
  1697 | D:2      | Noticed Crazy Yiuf
  2042 | D:3      | Reached XP level 5. HP: 33/34 MP: 5/5
  2062 | D:3      | Noticed Grinder
  2442 | D:3      | Found a shadowy altar of Dithmenos.
  2452 | D:3      | Became a worshipper of Dithmenos the Shadowed
  2676 | D:3      | Found an ancient bone altar of Kikubaaqudgha.
  2696 | D:3      | Reached skill level 7 in Stealth
  2697 | D:3      | Reached XP level 6. HP: 27/39 MP: 6/6
  3081 | D:4      | Killed from afar by an orc priest

Illustrated notes

Levels and vault maps discovered:
D:1:      sevenhm_arrival_forest_fort_small_4, layout_rooms, minmay_cupped
D:2:      layout_rooms, lemuel_blue_sif_altar, lemuel_crystal_altar,
          uniq_crazy_yiuf_cottage
D:3:      layout_basic, grunt_dithmenos_smoke_and_mirrors,
          kennysheep_vampire_church, hex_intersection, minmay_joined_circles,
          uniq_grinder
D:4:      layout_cave_pools, general_overflow_altar, yredelemnul_altar_generic,
          serial_shops, nicolae_shop_behind_doors,
          hangedman_abyss_or_decor_stagger, minmay_misc_feat_nine_boxes,
          uniq_robin, uniq_ijyb

Skill      XL: |  1  2  3  4  5  6 |
---------------+-------------------+-----
Stealth        | 6 7 |  7.5
Dodging        | 2 3 |  3.6
Short Blades   | 3 4 |  4.0
Fighting       | |  2.0
Throwing       | |  2.0

Action                   |  1- 3 |  4- 6 || total
-------------------------+-------+-------++-------
Melee: Dagger            |    67 |    98 ||   165
       Constrict         |    15 |    10 ||    25
       Tentacles         |    10 |    23 ||    33
  Use: Scroll            |     1 |     1 ||     2
 Stab: Sleeping          |    11 |    12 ||    23
Armor: Skin              |     4 |     8 ||    12
Dodge: Dodged            |    31 |    51 ||    82
